 Dungeon Crawl Stone Soup version 0.29-a0-352-g0917bc69df (webtiles) character file.

Game seed: 6557254271535568169

2296 Dauddaud the Cleaver (level 9, -11/105 HPs)
             Began as a Minotaur Berserker on Apr 24, 2022.
             Was a High Priest of Trog.
             Mangled by a manticore (19 damage)
             ... on level 7 of the Dungeon.
             The game lasted 00:09:32 (6723 turns).

Dauddaud the Cleaver (Minotaur Berserker)           Turns: 6723, Time: 00:09:32

Health: -11/105    AC: 13    Str: 25    XL:     9   Next: 17%
Magic:  8/8        EV:  7    Int:  4    God:    Trog [*****.]
Gold:   372        SH:  0    Dex: 11    Spells: 8/8 levels left

rFire   . . .      SeeInvis .   x - +0 war axe
rCold   . . .      Faith    .   (no shield)
rNeg    . . .      Spirit   .   k - +0 plate armour
rPois   .          Reflect  .   l - +1 hat
rElec   .          Harm     .   (no cloak)
rCorr   .          Rampage  .   (no gloves)
Will    .....                   n - +0 pair of boots
Stlth   ..........              (no amulet)
HPRegen 0.27/turn               o - +4 ring of slaying
MPRegen 0.11/turn               (no ring)

@: berserking, spiked, very quick
A: horns 2, retaliatory headbutt
a: Renounce Religion, Berserk, Trog's Hand, Brothers in Arms


You were on level 7 of the Dungeon.
You worshipped Trog.
Trog was extremely pleased with you.
You visited 1 branch of the dungeon, and saw 7 of its levels.

You collected 372 gold pieces.

Inventory:

Hand Weapons
 a - a +0 hand axe
 x - a +0 war axe (weapon)
Missiles
 C - a throwing net (quivered)
Armour
 b - a +0 animal skin
 c - a +0 ring mail
 k - a +0 plate armour (worn)
 l - a +1 hat (worn)
 n - a +0 pair of boots (worn)
Jewellery
 o - a +4 ring of slaying (left hand)
 t - a +6 ring of intelligence
Wands
 B - a wand of iceblast (3)
Scrolls
 f - 2 scrolls of amnesia
 h - 2 scrolls of teleportation
 i - a scroll of fog
 r - a scroll of enchant armour {unknown}
 v - 5 scrolls of blinking
 w - 2 scrolls of immolation
 y - a scroll of magic mapping {unknown}
 z - a scroll of acquirement
 A - 2 scrolls of identify
Potions
 d - a potion of berserk rage {unknown}
 e - 2 potions of brilliance {unknown}
 g - 2 potions of lignification {unknown}
 j - a potion of heal wounds {unknown}
 m - 2 potions of degeneration {unknown}
 p - a potion of might {unknown}
 q - a potion of curing {unknown}
 s - 2 potions of cancellation {unknown}
 u - a potion of attraction {unknown}


   Skills:
 - Level 3.6 Fighting
 * Level 14.8 Axes
 - Level 2.4 Armour
 - Level 2.1 Dodging


You had 8 spell levels left.
You didn't know any spells.
Your spell library was empty.

Dungeon Overview and Level Annotations

Branches:
Dungeon (7/15)             Temple (0/1) D:7

Altars:
Fedhas
Kikubaaqudgha
Makhleb
Nemelex Xobeh
Yredelemnul

Shops:
D:5 =

Annotations:
D:4 2 runed translucent doors, Colgate's ghost, amateur KoBr


Innate Abilities, Weirdness & Mutations

You have a pair of horns on your head.
You reflexively headbutt those who attack you in melee.


Message History

A manticore is nearby!
The manticore flicks its tail.
The volley of spikes hits you.
The barbed spikes become lodged in your body.
There is a stone staircase leading down here.
The barbs in your skin will harm you if you move.
Continue?
The barbed spikes dig painfully into your body as you move.
The manticore flicks its tail.
The volley of spikes hits you!
The barbed spikes become lodged in your body.
The barbed spikes dig painfully into your body as you move.
The manticore flicks its tail.
The volley of spikes hits you but does no damage.
The barbed spikes dig painfully into your body as you move.
The manticore barely misses you. The manticore claws you. x2
A red film seems to cover your vision as you go berserk!
You feel yourself moving faster!
You feel mighty! The manticore bites you! The manticore claws you.
* * * LOW HITPOINT WARNING * * *
The manticore claws you but does no damage.
You slash the manticore! Your headbutt misses the manticore.
You punch the manticore.
The manticore is moderately wounded.
The manticore bites you!
* * * LOW HITPOINT WARNING * * *
The manticore completely misses you.
The manticore claws you but does no damage.
You hit the manticore.
The manticore is heavily wounded.
The manticore bites you but does no damage.
The manticore claws you.
* * * LOW HITPOINT WARNING * * *
The manticore claws you.
* * * LOW HITPOINT WARNING * * *
You slice the manticore!!
The manticore is almost dead.
You hit the manticore.
The manticore is almost dead.
The manticore bites you!!
You die...

...#
#..#.#######'#######...
...#
#..#.................
..#
##........##.......###
# .........# #.......#
. ......##.###.......#
. ...................#
. .........###...<...#
# .........###.......#
......H@..>........#
#....#.#....########
#.##......#.#
....#.#.##.#
###.........
.......##.##
###........# #.....####
......#


You could see a manticore.

Vanquished Creatures
  Sigmund (D:5)
  A shadow (D:6)
  An ice beast (D:6)
  An orc warrior (D:6)
  A centaur (D:7)
  An ogre (D:7)
  2 phantoms
  2 necrophages
  6 scorpions
  3 howler monkeys (D:7)
  4 hounds
  3 orc priests
  3 jellies
  4 iguanas
  Jessica (D:3)
  6 orc wizards
  Robin (D:3)
  7 gnolls
  10 adders
  2 white imps
  3 worms
  5 dart slugs
  16 orcs
  13 ball pythons
  5 bats
  10 endoplasms
  5 giant cockroaches
  5 hobgoblins
  2 quokkas
  3 frilled lizards
  14 goblins
  8 kobolds
  9 rats
158 creatures vanquished.

Vanquished Creatures (others)
  An orc wizard (D:5)
  2 demonic plants (D:1)
  A withered plant (D:6)
4 creatures vanquished.

Grand Total: 162 creatures vanquished

Notes
Turn   | Place    | Note
-------+----------+-------------------------------------------
     0 | D:1      | Dauddaud the Minotaur Berserker began the quest for the
                  | Orb.
     0 | D:1      | Reached XP level 1. HP: 19/19 MP: 0/0
   302 | D:1      | Reached skill level 4 in Axes
   364 | D:1      | Reached XP level 2. HP: 24/26 MP: 1/1
   561 | D:1      | Reached ** piety under Trog
   637 | D:1      | Reached skill level 5 in Axes
   784 | D:1      | Reached XP level 3. HP: 31/31 MP: 2/2
   999 | D:1      | Found a faded altar of an unknown god.
   999 | D:1      | Noticed an Executioner
  1151 | D:2      | Found a sparkling altar of Nemelex Xobeh.
  1392 | D:2      | Reached skill level 6 in Axes
  1392 | D:2      | Reached XP level 4. HP: 24/39 MP: 3/3
  2206 | D:3      | Reached *** piety under Trog
  2206 | D:3      | Noticed Robin
  2219 | D:3      | Killed Robin
  2612 | D:3      | Reached XP level 5. HP: 27/45 MP: 4/4
  2619 | D:3      | Reached skill level 7 in Axes
  3064 | D:3      | Noticed Jessica
  3066 | D:3      | Killed Jessica
  3375 | D:4      | Reached skill level 8 in Axes
  3375 | D:4      | Reached XP level 6. HP: 44/51 MP: 5/5
  3687 | D:4      | Reached **** piety under Trog
  3689 | D:4      | Reached skill level 9 in Axes
  3827 | D:4      | Reached XP level 7. HP: 47/57 MP: 6/6
  3894 | D:4      | Found a large runed translucent door.
  3894 | D:4      | Found a large runed translucent door.
  3899 | D:4      | Noticed Colgate's ghost (amateur KoBr)
  4014 | D:4      | Reached skill level 10 in Axes
  4283 | D:4      | Found a burning altar of Makhleb.
  4380 | D:5      | Entered Level 5 of the Dungeon
  4663 | D:5      | Noticed Sigmund
  4688 | D:5      | Reached skill level 11 in Axes
  4691 | D:5      | Killed Sigmund
  4692 | D:5      | Reached XP level 8. HP: 36/64 MP: 7/7
  4704 | D:5      | Reached skill level 12 in Axes
  4883 | D:5      | Found Ujistruru's Jewellery Emporium.
  4943 | D:5      | Found a blossoming altar of Fedhas.
  5071 | D:5      | Found an ancient bone altar of Kikubaaqudgha.
  5318 | D:6      | Identified a scroll of acquirement
  5336 | D:6      | Found a basalt altar of Yredelemnul.
  5566 | D:6      | Reached ***** piety under Trog
  5847 | D:6      | Reached skill level 13 in Axes
  6239 | D:6      | Reached skill level 14 in Axes
  6460 | D:7      | Reached XP level 9. HP: 65/70 MP: 8/8
  6489 | D:7      | Found a staircase to the Ecumenical Temple.
  6705 | D:7      | Noticed a manticore
  6723 | D:7      | Mangled by a manticore

Illustrated notes

Levels and vault maps discovered:
D:1:      dpeg_arrival_orchard, layout_rooms,
          dreamdust_ecumenical_altar_sealed_demon, st_stairs_13, hex_large
D:2:      layout_basic, basic_altar
D:3:      minmay_chambers_of_twos, layout_basic, uniq_robin, uniq_jessica
D:4:      layout_cave_pools, makhleb_blood_cavern_becter,
          ebering_ghost_disaster_area
D:5:      layout_rooms, kennysheep_mini_moat,
          nicolae_kikubaaqudgha_miasma_corner, serial_shops,
          nicolae_square_shop, uniq_sigmund
D:6:      layout_basic, yredelemnul_altar_generic,
          nicolae_ossuary_entry_false_entrances, corexii_corridor_pit,
          fountainhead
D:7:      layout_loops_cross, minmay_temple_entry_grid, minmay_door_square,
          glass_columns_a, hangedman_feature_mirror

Skill      XL: |  1  2  3  4  5  6  7  8 |
---------------+-------------------------+-----
Axes           | 4 5 6 8 9 11 14 | 14.8
Fighting       | |  3.6
Armour         | |  2.4
Dodging        | |  2.1

Action                   |  1- 3 |  4- 6 |  7- 9 || total
-------------------------+-------+-------+-------++-------
Melee: Hand axe          |   101 |   130 |    32 ||   263
       Punch             |     1 |     1 |     4 ||     6
       Headbutt          |    15 |    27 |    27 ||    69
       War axe           |       |       |   140 ||   140
Invok: Berserk           |       |       |     3 ||     3
       Trog's Hand       |       |       |     1 ||     1
  Use: Scroll            |       |       |     6 ||     6
Armor: Ring mail         |    24 |       |       ||    24
       Plate armour      |    13 |    87 |    74 ||   174
Dodge: Dodged            |    44 |    33 |    52 ||   129

Table legend: (Time is in decaauts)
 A = Elapsed time spent in this place.
 B = Non-inter-level travel time spent in this place.
 C = Inter-level travel time spent in this place.
 D = Time resting spent in this place.
 E = Time spent auto-exploring this place.
 F = Levels seen in this place.
 G = Mean time per level.
                   A        B        C        D        E       F      G
               +--------+--------+--------+--------+--------+-----+--------+
         Total |   6714 |   6525 |    189 |   1460 |   4160 |   7 |  959.1 |
       Dungeon |   6714 |   6525 |    189 |   1460 |   4160 |   7 |  959.1 |
               +--------+--------+--------+--------+--------+-----+--------+

Top non-repeatable levels by time:
     D:3: 1168 daAuts
     D:6: 1148 daAuts
     D:2: 1115 daAuts
     D:1: 1088 daAuts
     D:4: 997 daAuts
     D:5: 933 daAuts
     D:7: 263 daAuts
